General information
- name: BNet
- type: Ladder team game (AT/RT)
- host: Battle.net
- saver: I_am_a_pee_man
map: SunrockCove
- players: 6
- length: 18:42
- speed: Fast
- version: 1.27 W3XP
- replay type:

» download(123 KB)
Players
team 1 (loser)
dedomedo (
pink | 65 APM | 1208 actions | 18:40)
6 Goblin Tinker
3 Engineering Upgrade
3 Pocket Factory
» actions
| Assign group hotkey | 22 | |
| Basic commands | 63 | |
| Build / train | 71 | |
| ESC pressed | 2 | |
| Enter build submenu | 32 | |
| Enter hero's abilities submenu | 8 | |
| Right click | 455 | |
| Select / deselect | 262 | |
| Select group hotkey | 236 | |
| Use ability | 57 | |
1208 total
» units
| Peasant | 8 | |
| Footman | 3 | |
| Rifleman | 4 | |
| Mortar Team | 3 | |
| Knight | 11 | |
| Priest | 6 | |
| Grunt | 2 | |
| Huntress | 2 | |
| Tauren | 4 | |
43 total
» upgrades
| Gunpowder | 2 | |
| Long Rifles | 1 | |
| Animal War Training | 1 | |
| Plating | 3 | |
| Strength of the Wild | 1 | |
| Swords | 1 | |
| Armor | 2 | |
| Pulverize | 1 | |
12 total
» buildings
| Altar of Kings | 1 | |
| Farm | 9 | |
| Scout Tower | 1 | |
| Barracks | 2 | |
| Arcane Tower | 1 | |
| Arcane Vault | 2 | |
| Keep | 1 | |
| Blacksmith | 1 | |
| Lumber Mill | 1 | |
| Castle | 1 | |
| Workshop | 1 | |
| Arcane Sanctum | 1 | |
| Ancient of Wind | 1 | |
| Tauren Totem | 2 | |
| Chimaera Roost | 2 | |
| Orc Burrow | 3 | |
30 total
» build order
00:08 Altar of Kings
00:28 Farm
01:23 Farm
01:30 Scout Tower
01:42 Barracks
01:47 Barracks
02:05 Arcane Tower
02:17 Arcane Vault
02:49 Farm
02:59 Arcane Vault
03:25 Keep
03:38 Blacksmith
04:24 Lumber Mill
04:45 Farm
05:46 Castle
05:50 Workshop
06:34 Farm
07:51 Arcane Sanctum
08:08 Farm
09:09 Farm
11:22 Ancient of Wind
11:58 Tauren Totem
12:02 Tauren Totem
13:37 Farm
13:57 Chimaera Roost
13:58 Chimaera Roost
14:15 Orc Burrow
14:19 Orc Burrow
14:58 Farm
15:04 Orc Burrow
» items
| Healing Salve | 1 | |
| Scroll of Town Portal | 1 | |
| Potion of Healing | 1 | |
3 total
Mr.Deady (
purple | 85 APM | 829 actions | 09:41)
2 Goblin Tinker
2 Pocket Factory
» actions
| Assign group hotkey | 13 | |
| Basic commands | 17 | |
| Build / train | 44 | |
| ESC pressed | 3 | |
| Enter build submenu | 18 | |
| Enter hero's abilities submenu | 2 | |
| Right click | 382 | |
| Select / deselect | 189 | |
| Select group hotkey | 116 | |
| Use ability | 45 | |
829 total
» units
| Wisp | 17 | |
| Goblin Shredder | 4 | |
| Goblin Zeppelin | 5 | |
26 total
» upgrades
| Ultravision | 1 | |
| Reinforced Hides | 1 | |
2 total
» buildings
| Moon Well | 8 | |
| Altar of Elders | 1 | |
| Hunter's Hall | 1 | |
| Ancient of War | 1 | |
| Ancient Protector | 2 | |
| Tree of Ages | 2 | |
| Ancient of Wonders | 1 | |
| Tree of Eternity | 2 | |
18 total
» build order
00:12 Moon Well
00:19 Altar of Elders
01:22 Hunter's Hall
02:00 Moon Well
02:37 Moon Well
02:40 Moon Well
03:33 Ancient of War
04:04 Moon Well
04:05 Moon Well
04:16 Moon Well
04:18 Ancient Protector
06:10 Ancient Protector
06:38 Tree of Ages
06:39 Tree of Ages
07:29 Moon Well
08:59 Ancient of Wonders
09:25 Tree of Eternity
» items
| Boots of Speed | 1 | |
| Staff of Teleportation | 1 | |
| Dust of Appearance | 1 | |
3 total
sajber4 (
teal | 107 APM | 1048 actions | 09:47)
2 Goblin Tinker
1 Pocket Factory
1 Engineering Upgrade
» actions
| Assign group hotkey | 10 | |
| Basic commands | 71 | |
| Build / train | 32 | |
| ESC pressed | 2 | |
| Enter build submenu | 10 | |
| Enter hero's abilities submenu | 2 | |
| Remove unit from queue | 3 | |
| Right click | 589 | |
| Select / deselect | 134 | |
| Select group hotkey | 176 | |
| Use ability | 19 | |
1048 total
» units
» upgrades
| Berserker Strength | 1 | |
| Burning Oil | 1 | |
2 total
» buildings
| Altar of Storms | 1 | |
| Orc Burrow | 4 | |
| Barracks | 1 | |
| Voodoo Lounge | 1 | |
| Stronghold | 1 | |
| Fortress | 1 | |
| War Mill | 1 | |
| Great Hall | 1 | |
11 total
» build order
00:10 Altar of Storms
00:23 Orc Burrow
00:37 Barracks
01:35 Voodoo Lounge
02:10 Orc Burrow
03:26 Stronghold
04:14 Orc Burrow
06:04 Fortress
06:07 War Mill
07:24 Orc Burrow
08:29 Great Hall
» items
| Healing Salve | 1 | |
| Lesser Clarity Potion | 1 | |
2 total
team 2 (winner)
I_am_a_pee_man (
blue | 99 APM | 1854 actions | 18:42)
4 Warden
2 Shadow Strike
2 Blink
» actions
| Assign group hotkey | 5 | |
| Build / train | 55 | |
| Enter build submenu | 17 | |
| Enter hero's abilities submenu | 4 | |
| Give item / drop item | 1 | |
| Remove unit from queue | 1 | |
| Right click | 1409 | |
| Select / deselect | 214 | |
| Select group hotkey | 21 | |
| Use ability | 127 | |
1854 total
» units
» upgrades
| Nature's Blessing | 1 | |
| Well Spring | 1 | |
| Ultravision | 1 | |
3 total
» buildings
| Altar of Elders | 1 | |
| Moon Well | 13 | |
| Tree of Ages | 4 | |
| Hunter's Hall | 1 | |
| Tree of Eternity | 1 | |
| Tree of Life | 1 | |
21 total
» build order
00:12 Altar of Elders
00:21 Moon Well
01:24 Moon Well
06:03 Tree of Ages
06:03 Tree of Ages
06:03 Tree of Ages
06:07 Hunter's Hall
06:22 Moon Well
08:29 Tree of Eternity
09:00 Tree of Life
14:16 Moon Well
14:17 Moon Well
14:18 Moon Well
14:19 Moon Well
15:55 Moon Well
15:55 Moon Well
15:57 Moon Well
16:58 Moon Well
16:59 Moon Well
17:00 Moon Well
» items
| Staff of Teleportation | 1 | |
| Boots of Speed | 1 | |
| Healing Salve | 3 | |
| Lesser Clarity Potion | 5 | |
| Orb of Lightning | 1 | |
11 total
iggy_the_fisk (
yellow | 110 APM | 2059 actions | 18:41)
3 Paladin
2 Holy Light
1 Divine Shield
3 Mountain King
2 Storm Bolt
1 Bash
» actions
| Assign group hotkey | 266 | |
| Basic commands | 16 | |
| Build / train | 94 | |
| Enter build submenu | 57 | |
| Enter hero's abilities submenu | 6 | |
| Right click | 894 | |
| Select / deselect | 368 | |
| Select group hotkey | 218 | |
| Use ability | 140 | |
2059 total
» units
» upgrades
| Masonry | 3 | |
| Magic Sentry | 1 | |
| Lumber Harvesting | 2 | |
6 total
» buildings
| Altar of Kings | 1 | |
| Lumber Mill | 1 | |
| Farm | 3 | |
| Scout Tower | 64 | |
| Arcane Tower | 8 | |
| Guard Tower | 29 | |
| Arcane Vault | 1 | |
| Keep | 1 | |
| Town Hall | 1 | |
| Castle | 1 | |
| Arcane Sanctum | 1 | |
111 total
» build order
00:06 Altar of Kings
00:19 Lumber Mill
00:28 Farm
00:42 Farm
01:19 Scout Tower
01:24 Scout Tower
01:25 Scout Tower
01:37 Scout Tower
01:44 Scout Tower
01:46 Arcane Tower
01:51 Scout Tower
01:53 Arcane Tower
02:15 Scout Tower
02:19 Guard Tower
02:27 Guard Tower
02:27 Guard Tower
02:28 Guard Tower
02:45 Guard Tower
03:05 Scout Tower
03:21 Scout Tower
03:24 Scout Tower
03:26 Guard Tower
03:31 Scout Tower
03:31 Scout Tower
03:52 Guard Tower
03:54 Arcane Tower
04:00 Scout Tower
04:12 Scout Tower
04:14 Scout Tower
04:14 Scout Tower
04:28 Scout Tower
04:33 Guard Tower
04:35 Scout Tower
04:36 Scout Tower
04:56 Arcane Tower
05:08 Arcane Tower
05:26 Guard Tower
05:26 Guard Tower
05:38 Guard Tower
05:39 Scout Tower
05:40 Scout Tower
06:05 Scout Tower
06:08 Arcane Vault
06:14 Keep
06:18 Arcane Tower
06:58 Town Hall
07:02 Scout Tower
07:02 Scout Tower
07:03 Scout Tower
07:03 Scout Tower
07:04 Scout Tower
07:04 Scout Tower
07:04 Scout Tower
07:05 Scout Tower
07:21 Guard Tower
07:23 Scout Tower
07:30 Guard Tower
07:32 Scout Tower
07:48 Arcane Tower
07:48 Guard Tower
08:10 Guard Tower
08:12 Scout Tower
08:16 Guard Tower
08:18 Scout Tower
08:18 Scout Tower
08:19 Scout Tower
08:27 Farm
08:30 Guard Tower
08:39 Guard Tower
09:28 Scout Tower
09:28 Scout Tower
09:30 Scout Tower
09:30 Scout Tower
09:48 Guard Tower
10:05 Guard Tower
10:17 Guard Tower
11:15 Guard Tower
11:17 Scout Tower
11:17 Scout Tower
11:18 Scout Tower
11:22 Scout Tower
11:23 Scout Tower
11:24 Scout Tower
11:24 Scout Tower
11:25 Scout Tower
11:25 Scout Tower
11:26 Scout Tower
11:27 Scout Tower
11:27 Scout Tower
11:48 Castle
12:02 Scout Tower
12:07 Guard Tower
12:40 Guard Tower
13:32 Arcane Tower
13:33 Guard Tower
13:34 Scout Tower
13:35 Scout Tower
13:44 Guard Tower
13:47 Scout Tower
13:48 Scout Tower
13:49 Scout Tower
14:33 Arcane Sanctum
14:54 Guard Tower
14:55 Scout Tower
14:57 Scout Tower
14:58 Scout Tower
15:17 Guard Tower
15:22 Scout Tower
15:23 Scout Tower
15:23 Scout Tower
15:44 Guard Tower
» items
| Boots of Speed | 2 | |
| Lesser Clarity Potion | 2 | |
| Potion of Mana | 1 | |
| Healing Salve | 1 | |
| Orb of Lightning | 1 | |
| Staff of Teleportation | 1 | |
| Dust of Appearance | 1 | |
9 total
lovetoosearch (
red | 66 APM | 1234 actions | 18:41)
4 Blademaster
2 Wind Walk
2 Critical Strike
» actions
| Assign group hotkey | 19 | |
| Basic commands | 13 | |
| Build / train | 65 | |
| ESC pressed | 8 | |
| Enter build submenu | 47 | |
| Enter hero's abilities submenu | 4 | |
| Give item / drop item | 1 | |
| Right click | 532 | |
| Select / deselect | 214 | |
| Select group hotkey | 238 | |
| Use ability | 93 | |
1234 total
» units
» upgrades
| Spiked Barricades | 1 | |
| Liquid Fire | 1 | |
| Reinforced Defenses | 1 | |
| Ranged Weapons | 2 | |
5 total
» buildings
| Altar of Storms | 1 | |
| Orc Burrow | 6 | |
| War Mill | 1 | |
| Voodoo Lounge | 3 | |
| Watch Tower | 31 | |
| Stronghold | 4 | |
| Great Hall | 2 | |
| Fortress | 2 | |
| Beastiary | 2 | |
52 total
» build order
00:05 Altar of Storms
00:13 Orc Burrow
00:20 War Mill
01:01 Voodoo Lounge
01:55 Watch Tower
03:02 Watch Tower
03:02 Watch Tower
03:09 Watch Tower
03:10 Watch Tower
03:28 Watch Tower
03:28 Watch Tower
03:29 Watch Tower
04:06 Orc Burrow
04:23 Watch Tower
05:23 Stronghold
05:23 Stronghold
05:23 Stronghold
05:40 Watch Tower
05:42 Watch Tower
05:44 Watch Tower
05:44 Watch Tower
05:55 Watch Tower
06:46 Voodoo Lounge
07:06 Great Hall
07:10 Watch Tower
07:17 Watch Tower
07:36 Watch Tower
08:17 Watch Tower
08:22 Fortress
08:23 Fortress
08:31 Orc Burrow
08:57 Watch Tower
08:58 Watch Tower
09:13 Beastiary
09:15 Beastiary
10:08 Orc Burrow
10:10 Orc Burrow
11:19 Watch Tower
11:19 Watch Tower
11:20 Watch Tower
12:27 Voodoo Lounge
13:33 Great Hall
14:07 Orc Burrow
14:51 Watch Tower
14:52 Watch Tower
14:58 Watch Tower
14:58 Watch Tower
16:55 Watch Tower
16:56 Watch Tower
17:02 Watch Tower
17:05 Watch Tower
» items
| Healing Salve | 2 | |
| Lesser Clarity Potion | 4 | |
| Staff of Teleportation | 1 | |
| Boots of Speed | 1 | |
| Circlet of Nobility | 1 | |
| Orb of Lightning | 2 | |
11 total
Chat log
(00:02 / All) I_am_a_pee_man: rdy
(09:49 / All) I_am_a_pee_man: ?????
(09:50 / All) lovetoosearch: cya
(09:51 / All) I_am_a_pee_man: please explain
(14:22 / All) I_am_a_pee_man: are you going to win